AoeStats
← jordanm708

Black Forest

509552452Analyzed
4v4 RM · 4d ago on Sep 27, 2026· 63m 3s· 8 players
Game mode
Random Map
Map size
Large (8 player)
Population
200
Speed
Normal
Resources
Standard
Victory
Conquest
Starting age
Dark Age
Ending age
Imperial Age
RankedLock teamsTeams togetherTeam positionsShared explorationLock speedFull tech treeHidden civsTurbo modeCheats
Victory
Defeat
🇨🇱 Vikings · Chile
782
+13
🇺🇸 Britons · United States
561
+9
🇵🇪 Vietnamese · Peru
545
+9
🇨🇱 Khmer · Chile
383
+15
🇲🇽 Portuguese · Mexico
445
-11
🇺🇸 Franks · United States
398
-9
🇺🇸 Saxons · United States
393
-9
🇨🇳 Wei · China
332
-7
jordanm708
18:17 Feudal Age
20:02 Wheelbarrow
19:21 Gold Mining
19:24 Double-Bit Axe
20:18 Stone Mining
23:11 Scale Barding Armor
23:17 Forging
26:45 Castle Age
26:53 Castle Age
28:04 Hand Cart
28:49 Husbandry
29:46 Iron Casting
29:32 Chain Barding Armor
31:08 Murder Holes
32:23 Gold Shaft Mining
32:09 Bow Saw
39:05 Imperial Age
40:51 Cavalier
42:20 Plate Barding Armor
blader236
1:17 Loom
14:21 Feudal Age
15:24 Double-Bit Axe
17:53 Wheelbarrow
27:36 Castle Age
28:43 Bow Saw
29:29 Gold Mining
29:31 Horse Collar
34:17 Stone Mining
35:06 Hand Cart
38:52 Imperial Age
40:53 Stone Shaft Mining
40:21 Heavy Plow
41:31 Two-Man Saw
40:45 Capped Ram
41:10 Crossbowman
41:12 Elite Skirmisher
43:10 Pikeman
45:25 Town Watch
46:11 Town Patrol
45:36 Cavalier
46:17 Husbandry
45:39 Light Cavalry
46:30 Bloodlines
46:41 Forging
46:37 Scale Barding Armor
46:33 Padded Archer Armor
46:23 Fletching
46:34 Scale Mail Armor
47:37 Chemistry
46:56 Elite Organ Gun
55:37 Iron Casting
55:17 Chain Mail Armor
55:18 Leather Archer Armor
55:19 Man-at-Arms
58:56 Arbalester
59:41 Thumb Ring
59:50 Bodkin Arrow
60:56 Blast Furnace
60:26 Plate Mail Armor
60:27 Ring Archer Armor
61:08 Bracer
AriKaur24
1:46 Loom
25:12 Feudal Age
29:38 Wheelbarrow
28:49 Town Watch
30:34 Horse Collar
30:42 Double-Bit Axe
30:53 Gold Mining
30:59 Stone Mining
30:34 Man-at-Arms
31:00 Arson
31:03 Fishing Lines
39:46 Castle Age
40:40 Forging
40:30 Scale Mail Armor
40:36 Scale Barding Armor
40:32 Padded Archer Armor
40:23 Fletching
39:55 Long Swordsman
39:56 Pikeman
40:36 Squires
40:22 Gambesons
41:02 Hand Cart
40:48 Town Patrol
Elite Savage
Karma
2:07 Loom
10:14 Feudal Age
20:02 Castle Age
18:14 Fletching
18:19 Double-Bit Axe
18:27 Gold Mining
18:32 Horse Collar
21:01 Bow Saw
21:30 Gold Shaft Mining
21:01 Heavy Plow
20:58 Stone Mining
24:28 Fervor
25:35 Squires
29:26 Pikeman
33:07 Yeomen
32:50 Husbandry
32:11 Light Cavalry
32:57 Padded Archer Armor
32:48 Fletching
33:08 Forging
32:58 Scale Mail Armor
33:04 Scale Barding Armor
35:32 Imperial Age
33:47 Wheelbarrow
33:00 Town Watch
34:29 Caravan
35:06 Ballistics
34:58 Fortified Wall
34:59 Masonry
34:32 Treadmill Crane
36:43 Hand Cart
36:30 Town Patrol
36:30 Bodkin Arrow
37:51 Chemistry
37:37 Conscription
37:40 Warwolf
39:09 Two-Man Saw
38:12 Bracer
38:48 Iron Casting
38:29 Chain Mail Armor
39:20 Architecture
39:25 Elite Longbowman
40:41 Halberdier
41:53 Leather Archer Armor
44:08 Blast Furnace
45:21 Chain Barding Armor
45:32 Plate Mail Armor
45:33 Ring Archer Armor
45:11 Arson
52:43 Gambesons
53:53 Plate Barding Armor
ExodChronoss
14:13 Feudal Age
17:10 Horse Collar
17:18 Double-Bit Axe
17:27 Gold Mining
17:29 Stone Mining
21:50 Castle Age
23:10 Bow Saw
23:14 Heavy Plow
22:56 Crossbowman
26:13 Gold Shaft Mining
25:49 Caravan
26:57 Coinage
27:18 Loom
29:30 Town Watch
31:14 Masonry
30:45 Treadmill Crane
30:56 Heated Shot
31:28 Ballistics
33:57 Imperial Age
34:01 Chieftains
37:32 Two-Man Saw
37:14 Crop Rotation
40:59 Arbalester
41:02 Light Cavalry
41:03 Cavalier
41:06 Man-at-Arms
43:33 Banking
49:45 Elite Berserk
50:47 Conscription
50:40 Bogsveigar
51:18 Hoardings
50:06 Long Swordsman
50:09 Pikeman
53:57 Sappers
53:50 Two-Handed Swordsman
54:31 Squires
53:56 Elite Skirmisher
54:03 Elite Varangian Guard
ViChoOP
7:08 Loom
9:55 Feudal Age
14:59 Wheelbarrow
17:57 Double-Bit Axe
21:08 Gold Mining
25:47 Castle Age
26:33 Caravan
26:52 Hand Cart
27:00 Bow Saw
28:30 Horse Collar
29:18 Fervor
30:05 Heavy Plow
30:52 Gold Shaft Mining
31:28 Town Watch
32:55 Stone Mining
36:46 Imperial Age
35:02 Stone Shaft Mining
35:46 Town Patrol
38:04 Crop Rotation
41:15 Pikeman
42:25 Parthian Tactics
41:21 Heavy Cavalry Archer
43:31 Halberdier
43:55 Elite Ballista Elephant
44:35 Tusk Swords
45:42 Double Crossbow
53:33 Chemistry
52:24 Heated Shot
52:54 Ballistics
54:32 Padded Archer Armor
54:23 Fletching
54:39 Scale Barding Armor
55:20 Conscription
Althair
11:43 Feudal Age
12:34 Double-Bit Axe
13:24 Fishing Lines
14:15 Horse Collar
16:41 Wheelbarrow
22:40 Gold Mining
22:41 Stone Mining
29:23 Castle Age
30:56 Hand Cart
30:55 Bow Saw
32:42 Caravan
35:18 Imperial Age
34:26 Stone Shaft Mining
33:54 Heavy Plow
34:05 Padded Archer Armor
33:56 Fletching
34:14 Scale Barding Armor
34:09 Scale Mail Armor
34:20 Forging
34:47 Treadmill Crane
36:17 Ballistics
37:05 Two-Man Saw
36:48 Crop Rotation
37:46 Chemistry
36:45 Murder Holes
38:00 Masonry
38:06 Siege Engineers
38:07 Arrowslits
42:27 Elite Rattan Archer
43:31 Paper Money
43:38 Bombard Tower
43:41 Chatras
43:19 Pikeman
44:02 Squires
43:48 Arson
43:26 Elite Fire Lancer
44:47 Crossbowman
47:05 Town Watch
47:22 Herbal Medicine
48:03 Theocracy
47:28 Devotion
47:50 Sanctity
47:06 Halberdier
49:29 Leather Archer Armor
49:10 Bodkin Arrow
49:51 Iron Casting
49:32 Chain Mail Armor
49:37 Chain Barding Armor
49:15 Guard Tower
49:36 Fortified Wall
58:17 Town Patrol
58:58 Capped Ram
Connection lost

Rejoining the realm…

Still unreachable

The connection could not be restored.

Session expired

The server has moved on; the page needs a fresh start.